 Dungeon Sprint DCSS version 0.21.1-1-g345015f (webtiles) character file.

227 spiff the Transmogrifier (level 6, -2/55 HPs)
             Began as a Merfolk Transmuter on July 11, 2018.
             Was an Initiate of Cheibriados.
             Slain by a two-headed ogre
             ... wielding a cursed -3 giant spiked club
              (22 damage)
             ... in the Dungeon (Sprint IX: "|||||||||||||||||||||||||||||").
             The game lasted 00:02:17 (411 turns).

spiff the Transmogrifier (Merfolk Transmuter)        Turns: 411, Time: 00:02:18

Health: -2/55      AC:  4    Str: 13    XL:     6   Next: 2%
Magic:  7/9        EV: 17    Int: 14    God:    Cheibriados [......]
Gold:   0          SH:  0    Dex: 15    Spells: 1/9 levels left

rFire    . . .     SeeInvis .     - Unarmed
rCold    . . .     Gourm    .   (no shield)
rNeg     . . .     Faith    .   b - +0 robe
rPois    .         Spirit   .   n - +0 helmet
rElec    .         Reflect  .   o - +0 cloak
rCorr    .         Harm     .   (no gloves)
MR       .....     NoTele   +   (no boots)
Stlth    +.........             (no amulet)
HPRegen  0.18/turn              q - +2 ring of evasion
MPRegen  0.11/turn              p - +2 ring of evasion

@: very slightly contaminated, invisible, very slow
A: change form in water, swift swim, stealthy swim
a: Bend Time, Renounce Religion


You were in the Dungeon.
You worshipped Cheibriados.
Cheibriados was noncommittal.
You were not hungry.

You visited 1 branch

Inventory:

Missiles
 a - 23 arrows
Armour
 b - a +0 robe (worn)
 n - a +0 helmet (worn)
 o - a +0 cloak (worn)
Jewellery
 p - a +2 ring of evasion (right hand)
 q - a +2 ring of evasion (left hand)
Wands
 m - a wand of acid (10)
Scrolls
 j - 2 scrolls of blinking
 k - 3 scrolls of remove curse
 l - 2 scrolls of amnesia
Potions
 e - 5 potions of curing
 g - a potion of haste
 h - 4 potions of magic
 i - 2 potions of heal wounds
Books
 c - a book of Changes

   Spells                             Type                      Level
   a - Beastly Appendage              Transmutation                1
   b - Sticks to Snakes               Transmutation                2
   c - Spider Form                    Transmutation/Poison         3
   d - Ice Form                       Ice/Transmutation            4
   e - Blade Hands                    Transmutation                5
Comestibles
 d - a ration


   Skills:
 + Level 7.6 Fighting
 + Level 2.6 Dodging
 + Level 8.2 Unarmed Combat
 + Level 2.0 Spellcasting
 + Level 9.3 Transmutations


You had one spell level left.
You knew the following spells:

 Your Spells              Type           Power        Failure   Level  Hunger
a - Beastly Appendage     Tmut           ####..       1%          1    ##.....
b - Sticks to Snakes      Tmut           ####....     1%          2    ###....
c - Blade Hands           Tmut           ####......   14%         5    ######.


Dungeon Overview and Level Annotations

Branches:
Dungeon (1/1)

Altars:
Cheibriados
Dithmenos
Elyvilon
Fedhas
Gozag
Hepliaklqana
Kikubaaqudgha
Makhleb
Nemelex Xobeh
Okawaru
Qazlal
Ru
Sif Muna
Trog
Uskayaw
Vehumet
Wu Jian
Xom
Yredelemnul
Zin
The Shining One
Beogh
Jiyva
Lugonu


Message History

You see here a +0 plate armour.
The two-headed ogre closely misses you. The two-headed ogre barely misses you.
Items here: ))))))
You see here an uncursed staff of energy.
There is an open door here.
The two-headed ogre misses you. The two-headed ogre barely misses you.
There is a glowing golden altar of the Shining One here.
There is a glowing silver altar of Zin here.
There is a basalt altar of Yredelemnul here.
There is a shimmering altar of Xom here.
The two-headed ogre closely misses you. The two-headed ogre misses you.
There is an ornate altar of the Wu Jian Council here.
There is a radiant altar of Vehumet here.
There is a hide-covered altar of Uskayaw here.
There is a bloodstained altar of Trog here.
Casting: Beastly Appendage
Confirm with . or Enter, or press ? or * to list all spells.
You create 2 snakes!
You now have 23 arrows.
The two-headed ogre hits you with a giant spiked club!!
You die...

▓'▓
▓Z▓
▓_▓
▓Z▓
▓_▓
▓W▓
▓l▓
▓O▓
▓@▓
▓S▓
▓S▓
▓_▓
▓_▓
▓_▓
▓_▓
▓_▓
▓_▓


You could see a two-headed ogre, a phantom, an iguana, a bat zombie (wandering),
a bat skeleton (wandering), a friendly adder and a friendly ball python.

Vanquished Creatures
  An ice beast (D)
  A centaur (D)
  2 worker ants (D)
  An adder zombie (D)
  A dart slug (D)
  2 goblins (D)
  2 rats (D)
10 creatures vanquished.

Notes
Turn   | Place    | Note
-------+----------+-------------------------------------------
     0 | D        | spiff the Merfolk Transmuter began the quest for the Orb.
     0 | D        | Reached XP level 1. HP: 15/15 MP: 3/3
     5 | D        | Reached skill level 3 in Transmutations
    13 | D        | Reached XP level 2. HP: 20/23 MP: 3/5
    49 | D        | Learned a level 2 spell: Sticks to Snakes
    52 | D        | Noticed an ice beast
    52 | D        | Noticed a centaur
    64 | D        | Reached skill level 4 in Transmutations
    80 | D        | Reached skill level 5 in Unarmed Combat
    80 | D        | Reached skill level 5 in Transmutations
    80 | D        | Reached XP level 3. HP: 30/30 MP: 0/6
    84 | D        | Killed a centaur
    84 | D        | Reached skill level 5 in Fighting
    84 | D        | Reached skill level 7 in Transmutations
    84 | D        | Reached XP level 4. HP: 33/40 MP: 0/7
    85 | D        | Reached XP level 5. HP: 38/46 MP: 0/8
    89 | D        | Killed an ice beast
    89 | D        | Reached skill level 9 in Transmutations
    89 | D        | Reached XP level 6. HP: 26/55 MP: 0/9
   310 | D        | Found a roughly hewn altar of Beogh.
   310 | D        | Found a snail-covered altar of Cheibriados.
   310 | D        | Found a shadowy altar of Dithmenos.
   310 | D        | Found a white marble altar of Elyvilon.
   310 | D        | Found a blossoming altar of Fedhas.
   310 | D        | Found an opulent altar of Gozag.
   311 | D        | Found a hazy altar of Hepliaklqana.
   312 | D        | Found a viscous altar of Jiyva.
   313 | D        | Found an ancient bone altar of Kikubaaqudgha.
   314 | D        | Became a worshipper of Cheibriados the Contemplative
   315 | D        | Found a corrupted altar of Lugonu.
   316 | D        | Found a burning altar of Makhleb.
   317 | D        | Found a sparkling altar of Nemelex Xobeh.
   318 | D        | Found an iron altar of Okawaru.
   319 | D        | Found a stormy altar of Qazlal.
   320 | D        | Found a sacrificial altar of Ru.
   321 | D        | Found a deep blue altar of Sif Muna.
   322 | D        | Found a bloodstained altar of Trog.
   323 | D        | Found a hide-covered altar of Uskayaw.
   324 | D        | Found a radiant altar of Vehumet.
   325 | D        | Found an ornate altar of the Wu Jian Council.
   326 | D        | Found a shimmering altar of Xom.
   327 | D        | Found a basalt altar of Yredelemnul.
   328 | D        | Found a glowing silver altar of Zin.
   329 | D        | Found a glowing golden altar of the Shining One.
   376 | D        | Learned a level 5 spell: Blade Hands
   381 | D        | Noticed an orc warrior
   381 | D        | Noticed a phantom
   381 | D        | Noticed a two-headed ogre
   411 | D        | Slain by a two-headed ogre

Skill      XL: |  1  2  3  4  5 |
---------------+----------------+-----
Transmutations | 3 5 7 9 |  9.3
Fighting       | 2 3 5 6 7 |  7.6
Unarmed Combat | 4 5 6 7 8 |  8.2
Dodging        | |  2.6
Spellcasting   | |  2.0

Action                   |  1- 3 |  4- 6 || total
-------------------------+-------+-------++-------
Melee: Unarmed           |    24 |    12 ||    36
       Headbutt          |     3 |     1 ||     4
       Punch             |     1 |       ||     1
 Cast: Beastly Appendage |     3 |       ||     3
       Sticks to Snakes  |     2 |     2 ||     4
  Use: Potion            |     2 |     1 ||     3
 Stab: Invisible         |       |     1 ||     1
Armor: Robe              |     1 |       ||     1
Dodge: Dodged            |    12 |    17 ||    29
